 Dungeon Crawl Stone Soup version 0.22-a0-833-g8522bf8 (webtiles) character file.

6 Amnesiac the Magician (level 1, -1/13 HPs)
             Began as a Mummy Earth Elementalist on July 25, 2018.
             Slain by a hobgoblin
             ... wielding a +0 club
              (2 damage)
             ... on level 1 of the Dungeon.
             The game lasted 00:00:23 (110 turns).

Amnesiac the Magician (Mummy Earth Elementalist)     Turns: 110, Time: 00:00:24

Health: -1/13      AC:  2    Str: 11    XL:     1   Next: 75%
Magic:  3/4        EV: 12    Int: 14    God:
Gold:   17         SH:  0    Dex: 12    Spells: 4/5 levels left

rFire    x . .     SeeInvis .   a - +0 whip (freeze)
rCold    + . .     Gourm    .   (no shield)
rNeg     + + +     Faith    .   c - +0 robe
rPois    ∞         Spirit   .   (no helmet)
rElec    .         Reflect  .   (no cloak)
rCorr    .         Harm     .   (no gloves)
MR       .....                  (no boots)
Stlth    ++........             (no amulet)
HPRegen  0.04/turn              (no ring)
MPRegen  0.09/turn              (no ring)

@: no status effects
A: no food or potions, fire vulnerability, cold resistance 1, negative energy
resistance 3, torment resistance, unbreathing
a: no special abilities


You were on level 1 of the Dungeon.
You were not hungry.

You visited 1 branch of the dungeon, and saw 1 of its levels.

You collected 17 gold pieces.

Inventory:

Hand Weapons
 a - a +0 whip of freezing (weapon)
Missiles
 b - 38 stones (quivered)
Armour
 c - a +0 robe (worn)
Scrolls
 d - a scroll of identify {!r, unknown}


   Skills:
 + Level 1.6 Dodging
 - Level 1.5 Stealth
 + Level 2.7 Spellcasting
   Level 0.7 Transmutations
 * Level 2.7 Earth Magic


You had 4 spell levels left.
You knew the following spells:

 Your Spells              Type           Power        Failure   Level  Hunger
a - Sandblast             Erth           #.....       7%          1    N/A

Your spell library contained the following spells:

 Spells                   Type           Power        Failure   Level  Hunger
 Stone Arrow              Conj/Erth      #.....       36%         3    N/A
 Passwall                 Tmut/Erth      #.......     16%         2    N/A
 Lee's Rapid Deconstruct  Erth           #.........   89%         5    N/A
 Petrify                  Tmut/Erth      #.......     71%         4    N/A

Dungeon Overview and Level Annotations

Branches:
Dungeon (1/15)

Altars:


Innate Abilities, Weirdness & Mutations

You do not eat or drink.
Your flesh is vulnerable to fire.
You are immune to poison.
Your flesh is cold resistant. (rC+)
You are immune to negative energy. (rN+++)
You are immune to unholy pain and torment.
You can survive without breathing.


Message History

A goblin is nearby!
A goblin is nearby!
Casting: Sandblast (safe; 8% risk of failure)
Confirm with . or Enter, or press ? or * to list all spells.
Aiming: Sandblast (safe; 8% risk of failure)
Press: ? - help, Shift-Dir - straight line, f - goblin
Aim: a goblin The blast of sand hits the goblin.
You kill the goblin!
Training target 2.6 for Earth Magic reached!
You need to enable at least one skill for training.
b - 37 stones A kobold comes into view. It is wielding an enchanted whip.
You see here a goblin corpse.
A kobold is nearby!
A kobold is nearby!
Casting: Sandblast (safe; 8% risk of failure)
Confirm with . or Enter, or press ? or * to list all spells.
Aiming: Sandblast (safe; 8% risk of failure)
Press: ? - help, Shift-Dir - straight line, f - kobold
Aim: a kobold, wielding an enchanted whip (hasn't noticed you)
The blast of sand hits the kobold.
You kill the kobold!
b - 36 stones
Casting: Sandblast (safe; 8% risk of failure)
Confirm with . or Enter, or press ? or * to list all spells.
You can't see any susceptible monsters within range! (Use Z to cast anyway.)
Casting: Sandblast (safe; 8% risk of failure)
Confirm with . or Enter, or press ? or * to list all spells.
You can't see any susceptible monsters within range! (Use Z to cast anyway.)
A rat comes into view.
Items here: $ ( ) ? † an enchanted whip; 3 stones; a scroll labeled LAANGEKYKIE {!r}; 12 gold pieces a kobold corpse
Okay, then.
You hit the rat but do no damage. The rat bites you.
You hit the rat. You freeze the rat.
You kill the rat!
No target in view!
b - 39 stones (gained 3);
d - a scroll labeled LAANGEKYKIE {!r} You now have 17 gold pieces (gained 12).
Things that are here:
an enchanted whip; a kobold corpse HP restored.
A goblin and a hobgoblin come into view.
The hobgoblin shouts!
There are monsters nearby!
A dart slug comes into view.
A hobgoblin comes into view.
You barely miss the hobgoblin. The hobgoblin hits you with a club.
You completely miss the hobgoblin. The hobgoblin hits you with a club.
* * * LOW HITPOINT WARNING * * *
You barely miss the hobgoblin. You barely miss the hobgoblin.
The hobgoblin hits you with a club.
* * * LOW HITPOINT WARNING * * *
Casting: Sandblast (safe; 8% risk of failure)
Confirm with . or Enter, or press ? or * to list all spells.
Aiming: Sandblast (safe; 8% risk of failure)
Press: ? - help, Shift-Dir - straight line, f - goblin
Aim: a goblin The blast of sand hits the goblin.
You kill the goblin!
b - 38 stones The hobgoblin hits you with a club.
You die...

.# #.# # #.# .# #.# .#
#.## .# #.# ..# ##..#
.###.####..# ##...#
.#.........# ....#
.#.###.....## .g.# #.
#.##...## #..#
#.###.......######..#
#.....##.#.....@†g..#
...#.#†##.##...#g###.#
. #.#....#..........#
#.#..###....#######
#.#..###.#.##
#........#.#
#...)#####.#
#....#####.#
#..........#


You could see 2 hobgoblins.

Vanquished Creatures
  2 goblins (D:1)
  A hobgoblin (D:1)
  2 kobolds (D:1)
  A rat (D:1)
6 creatures vanquished.

Notes
Turn   | Place    | Note
-------+----------+-------------------------------------------
     0 | D:1      | Amnesiac the Mummy Earth Elementalist began the quest for the Orb.
     0 | D:1      | Reached XP level 1. HP: 13/13 MP: 4/4
   110 | D:1      | Slain by a hobgoblin

Vault maps used:
D:1:      tarquinn_simple_flora_water_e, minmay_cupped

Action                   || total
-------------------------++-------
Melee: Whip              ||     6
 Cast: Sandblast         ||     5

Table legend:
 A = Spawn XP
 B = Non-spawn XP
 C = Spawn XP percentage of total XP
 D = Spawn monster count
 E = Non-spawn monster count
 F = Spawn count percentage of total count
 G = Total turns spent on level
                    A         B        C        D         E        F      G
               +---------+---------+-------+---------+---------+-------+---------
         Total |       0 |       9 |   0.0 |       0 |       6 |   0.0 |   110
               +---------+---------+-------+---------+---------+-------+---------
           D:1 |       0 |       9 |   0.0 |       0 |       6 |   0.0 |   110
               +---------+---------+-------+---------+---------+-------+---------
